 Dungeon Crawl Stone Soup version 0.26-a0-757-g626ac9e51a (webtiles) character file.

Game seed: 1032667942503365772

3 jasper the Sneak (level 1, 0/10 HPs)
             Began as a Kobold Enchanter on Nov 7, 2020.
             Slain by a jackal (2 damage)
             ... on level 1 of the Dungeon.
             The game lasted 00:00:44 (97 turns).

jasper the Sneak (Kobold Enchanter)                   Turns: 97, Time: 00:00:44

Health: 0/10       AC:  2    Str:  5    XL:     1   Next: 55%
Magic:  2/3        EV: 15    Int: 16    God:
Gold:   0          SH:  0    Dex: 15    Spells: 3/4 levels left

rFire    . . .     SeeInvis .   a - +1 dagger
rCold    . . .     Faith    .   (shield restricted)
rNeg     . . .     Spirit   .   b - +0 robe
rPois    .         Reflect  .   (no helmet)
rElec    .         Harm     .   (no cloak)
rCorr    .         Rampage  .   (no gloves)
MR       .....                  (no boots)
Stlth    ++++......             (no amulet)
HPRegen  0.03/turn              (no ring)
MPRegen  0.08/turn              (no ring)

@: no status effects
A: small, nightstalker 3
a: no special abilities


You were on level 1 of the Dungeon.
You visited 1 branch of the dungeon, and saw 1 of its levels.

Inventory:

Hand Weapons
 a - a +1 dagger (weapon)
Armour
 b - a +0 robe (worn)
Scrolls
 c - a scroll of fog {unknown}
 d - a scroll of identify {unknown}
Potions
 e - a potion of curing {unknown}


   Skills:
 - Level 1.3 Short Blades
 - Level 2.4 Dodging
 - Level 4.0 Stealth
 - Level 2.1 Spellcasting
 + Level 3.2 Hexes


You had 3 spell levels left.
You knew the following spells:

 Your Spells              Type           Power        Failure   Level
a - Corona                Hex            ##.....      5%          1

Your spell library contained the following spells:

 Spells                   Type           Power        Failure   Level
 Ensorcelled Hibernation  Hex/Ice        #.....       16%         2
 Confusing Touch          Hex            ##......     16%         3
 Tukima's Dance           Hex            ##......     16%         3
 Dazzling Flash           Conj/Hex       #.....       30%         3


Dungeon Overview and Level Annotations

Branches:
Dungeon (1/15)

Altars:


Innate Abilities, Weirdness & Mutations

You are small and have problems with some larger weapons.
You are completely attuned to the shadows.


Message History

You closely miss the jackal. The bat closely misses you. The jackal bites you.
The bat hits you but does no damage.
You take 1 damage, and have 5/10 hp.
You hit the jackal.
The jackal is severely wounded.
The bat barely misses you. The jackal bites you.
* * * LOW HITPOINT WARNING * * *
You take 2 damage, and have 3/10 hp.
The jackal closely misses you. The bat hits you but does no damage.
The kobold barely misses you. The bat closely misses you.
The jackal bites you but does no damage.
The bat hits you.
* * * LOW HITPOINT WARNING * * *
The bat barely misses you.
You take 1 damage, and have 2/10 hp.
You hit the bat.
The bat is severely wounded.
The bat misses you. The jackal bites you.
You die...

.#..#......♣♣ .#..#†......♣ #..#.
.#..#.......♣# ######### ....
.............# #.......#####..#
.)..........#####...........#..#
................#.........#.#(.#.
.............................(...
....♣♣♣♣#######..h..##.#..#......
..♣♣♣ ...b@h..'.....###.###
####.K..###...# #... ###### #...#
#(## #..... ###.##


You could see 2 jackals, a bat and a kobold.

Vanquished Creatures
  A hobgoblin (D:1)
  2 kobolds (D:1)
3 creatures vanquished.

Notes
Turn   | Place    | Note
-------+----------+-------------------------------------------
     0 | D:1      | jasper the Kobold Enchanter began the quest for the Orb.
     0 | D:1      | Reached XP level 1. HP: 10/10 MP: 3/3
    97 | D:1      | Slain by a jackal

Illustrated notes

Levels and vault maps discovered:
D:1:      sevenhm_arrival_forest_fort_large_4, layout_basic, lemuel_old_faithful

Action                   || total
-------------------------++-------
Melee: Dagger            ||    15
 Cast: Corona            ||     2
 Stab: Sleeping          ||     3
Armor: Robe              ||     9
Dodge: Dodged            ||    40

Table legend: (Time is in decaauts)
 A = Elapsed time spent in this place.
 B = Non-inter-level travel time spent in this place.
 C = Inter-level travel time spent in this place.
 D = Time resting spent in this place.
 E = Time spent auto-exploring this place.
 F = Levels seen in this place.
 G = Mean time per level.
                   A        B        C        D        E       F      G
               +--------+--------+--------+--------+--------+-----+--------+
         Total |     96 |     96 |      0 |      0 |     41 |   1 |   96.0 |
       Dungeon |     96 |     96 |      0 |      0 |     41 |   1 |   96.0 |
               +--------+--------+--------+--------+--------+-----+--------+

Top non-repeatable levels by time:
     D:1: 96 daAuts
